 Dungeon Crawl Stone Soup version 0.20.2-3-g29329e0561 (webtiles) character file.

238 Alfie the Shield-Bearer (level 5, 0/47 HPs)
             Began as a Minotaur Fighter on Oct 22, 2020.
             Succumbed to a worker ant's poison
             ... on level 4 of the Dungeon.
             The game lasted 00:06:12 (2002 turns).

Alfie the Shield-Bearer (Minotaur Fighter)          Turns: 2002, Time: 00:06:13

Health: 0/47       AC:  9    Str: 21    XL:     5   Next: 78%
Magic:  4/4        EV:  8    Int:  5    God:
Gold:   150        SH: 10    Dex: 10    Spells: 4/4 levels left

rFire    . . .     SeeInvis .   a - +0 long sword
rCold    . . .     Gourm    .   c - +0 shield
rNeg     . . .     Faith    .   b - +0 scale mail
rPois    .         Spirit   .   (helmet restricted)
rElec    .         Reflect  .   (no cloak)
rCorr    .         Harm     +   q - +1 pair of gloves
MR       .....                  (no boots)
Stlth    ..........             s - amulet of harm
Regen    0.2/turn               (no ring)
MPRegen  0.1/turn               (no ring)

@: lethally poisoned (0 -> -10)
A: retaliatory headbutt, horns 2
a: no special abilities


You were on level 4 of the Dungeon.
You were not hungry.

You visited 1 branch of the dungeon, and saw 4 of its levels.

You collected 150 gold pieces.

Inventory:

Hand Weapons
 a - a +0 long sword (weapon)
Missiles
 o - 2 tomahawks (quivered)
Armour
 b - a +0 scale mail (worn)
 c - a +0 shield (worn)
 q - a +1 pair of gloves (worn)
Jewellery
 n - a +5 ring of dexterity
 s - an amulet of harm (around neck)
Scrolls
 e - 3 scrolls of teleportation
 i - a scroll of noise {unknown}
 p - a scroll of amnesia
Potions
 d - 3 potions of might
 g - a potion of lignification {unknown}
 h - 5 potions of curing
 j - 2 potions of brilliance {unknown}
 l - 2 potions of haste {unknown}
 m - a potion of resistance {unknown}
 r - 2 potions of cancellation {unknown}
Comestibles
 f - 2 bread rations
 k - 2 meat rations


   Skills:
 + Level 4.5 Fighting
 + Level 4.1 Long Blades
 + Level 4.6 Armour
 + Level 1.5 Dodging
 + Level 0.1 Stealth
 + Level 5.4 Shields


You had 4 spell levels left.
You didn't know any spells.

Dungeon Overview and Level Annotations

Branches:
Dungeon (4/15)             Temple (0/1) D:4

Altars:
Ru


Innate Abilities, Weirdness & Mutations

You reflexively headbutt those who attack you in melee.
You have a pair of horns on your head.


Message History

The worker ant is heavily wounded.
* * * LOW HITPOINT WARNING * * *
You feel sick.
The worker ant bites you but does no damage.
The worker ant barely misses you. You furiously retaliate!
You headbutt the worker ant, but do no damage.
You riposte.
You hit the worker ant.
The worker ant is severely wounded.
You closely miss the worker ant.
The worker ant is severely wounded.
* * * LOW HITPOINT WARNING * * *
You feel sick. You block the worker ant's attack.
You hit the worker ant but do no damage.
The worker ant is severely wounded.
* * * LOW HITPOINT WARNING * * *
You feel sick. You block the worker ant's attack.
The worker ant bites you but does no damage.
Your scale mail prevents you from hitting the worker ant.
The worker ant is severely wounded.
You die...

.. #.....####...###..#
. #.....# #.⌠.# #..#
#.....# ##...###..#
#.....# ..........#
#.....#...........#
#....##...###.....#
#'#### # #.....#
###....##....#.......
#....@a......#.......#
#............#.....>.#
#............#.......#
#############


You could see a worker ant.

Vanquished Creatures
  2 orc priests (D:4)
  An orc wizard (D:3)
  3 gnolls (D:3)
  5 adders
  2 oozes
  2 worms (D:3)
  A dart slug (D:3)
  3 leopard geckos
  4 orcs
  9 bats
  2 giant cockroaches (D:1)
  5 goblins
  5 hobgoblins
  4 jackals (D:2)
  A ball python (D:2)
  3 frilled lizards
  4 kobolds
  8 rats
64 creatures vanquished.

Notes
Turn   | Place    | Note
-------+----------+-------------------------------------------
     0 | D:1      | Alfie the Minotaur Fighter began the quest for the Orb.
     0 | D:1      | Reached XP level 1. HP: 19/19 MP: 0/0
   248 | D:1      | Reached XP level 2. HP: 23/27 MP: 1/1
   607 | D:1      | Found a sacrificial altar of Ru.
   857 | D:2      | Reached skill level 4 in Shields
   857 | D:2      | Reached XP level 3. HP: 25/33 MP: 2/2
  1262 | D:3      | Reached XP level 4. HP: 31/40 MP: 3/3
  1642 | D:3      | Reached skill level 5 in Shields
  1724 | D:3      | Reached XP level 5. HP: 43/47 MP: 4/4
  1737 | D:3      | Reached skill level 1 in Dodging
  1785 | D:3      | Found a faded altar of an unknown god.
  1945 | D:4      | Found a staircase to the Ecumenical Temple.
  2000 | D:4      | HP: 2/47 [poisoned by a worker ant]
  2002 | D:4      | Succumbed to a worker ant's poison

Skill      XL: |  1  2  3  4  5 |
---------------+----------------+-----
Armour         | 4 |  4.6
Shields        | 4 5 |  5.4
Fighting       | 4 |  4.5
Long Blades    | 3 4 |  4.1
Dodging        | 1 |  1.5
Stealth        | |  0.1

Action                   |  1- 3 |  4- 6 || total
-------------------------+-------+-------++-------
Melee: Long sword        |    93 |    87 ||   180
       Headbutt          |     8 |    14 ||    22
  Use: Scroll            |     2 |     9 ||    11
       Potion            |       |     1 ||     1
  Eat: Bread ration      |     1 |       ||     1
Armor: Scale mail        |    72 |    46 ||   118
Dodge: Dodged            |    55 |    28 ||    83
Block: Shield            |    80 |    60 ||   140
       Rpst.: Long sword |    16 |     5 ||    21
